Map: Interloper LE

Players

Tenderoni

  • Race: Terran Terran
  • League: Platinum
  • Spawn Location: 11:00

Yata - Winner!

  • Race: Zerg Zerg
  • League: Gold
  • Spawn Location: 5:00

VOD

Have the link to the VOD?

Description

Time

  • Played on: Sept. 10, 2017, 11:16 p.m.
  • Length: 15:53
Show
View Real Time Build Order
Export as new Build Order

Tenderoni Terran 

Build Orders:  

Get SALT Encoding   

  12  0:02  SCV  
  13  0:14  SCV  
  14  0:24  Supply Depot  
  14  0:26  SCV  
  15  0:31  Refinery  
  15  0:45  SCV  
  15  0:48  Barracks  
  16  0:58  SCV  
  17  1:10  SCV  
  17  1:11  Supply Depot  
  18  1:22  SCV  
  19  1:41  Factory  
  19  1:44  Marine  
  20  1:47  Orbital Command  
  20  2:06  Barracks  
  20  2:19  Refinery  
  20  2:20  SCV  
  20  2:21  Barracks Reactor  
  21  2:30  Factory Reactor  
  21  2:34  SCV  
  22  2:44  Command Center  
  22  2:57  Supply Depot  
  22  2:59  Marine x2  
  22  3:00  Marine  
  25  3:08  Widow Mine  
  25  3:10  Starport  
  27  3:13  Widow Mine  
  27  3:19  Barracks Tech Lab  
  29  3:20  Marine  
  29  3:22  Marine  
  31  3:36  SCV  
  32  3:49  Marine x2, Marauder  
  36  4:02  Supply Depot  
  36  4:05  Supply Depot  
  36  4:12  Marine x2, Marauder  
  36  4:15  Factory Tech Lab  
  40  4:20  Medivac  
  40  4:22  SCV  
  43  4:27  SCV  
  44  4:34  SCV  
  44  4:35  Medivac  
  47  4:52  Orbital Command  
  43  5:10  Hellion  
  43  5:12  Marine x2  
  43  5:13  Marauder  
  49  5:27  Engineering Bay  
  49  5:28  Engineering Bay  
  49  5:33  Siege Tank  
  52  5:36  Marine x2, Marauder  
  52  6:04  Marine  
  52  6:05  Marine, Marauder  
  52  6:22  Marine x2  
  48  6:25  Marine  
  36  6:40  Marine x2  
  36  6:44  Marauder  
  40  6:54  SCV x2  
  40  6:57  Terran Infantry Armor Level 1, Terran Infantry Weapons Level 1  
  40  6:58  Marine  
  43  7:05  Marauder  
  43  7:06  SCV x2  
  47  7:16  Medivac  
  47  7:18  SCV  
  47  7:19  SCV  
  51  7:35  SCV x2  
  53  7:44  Siege Tank  
  56  7:45  Marine x2  
  56  7:46  Marine  
  56  7:47  SCV x2  
  59  7:52  Supply Depot  
  59  7:53  Supply Depot  
  59  7:59  SCV x2  
  61  8:11  SCV  
  48  8:29  Marine x2, Marauder  
  45  8:47  Refinery, SCV x2, Marine x2  
  45  8:48  Refinery  
  49  8:50  Marine  
  50  8:59  SCV x2  
  52  9:05  Marine x2  
  52  9:07  Barracks  
  52  9:08  Barracks, Marine  
  55  9:11  Barracks, SCV  
  56  9:23  Marine x2  
  55  9:26  Marine  
  56  9:34  SCV x2  
  58  9:40  Marine  
  58  9:41  Marine  
  58  9:44  Marauder  
  62  9:46  SCV x2  
  62  9:48  Armory  
  64  9:58  Marine, SCV  
  64  9:59  Barracks Tech Lab, SCV, Marine  
  68  10:00  Barracks Reactor  
  68  10:03  Concussive Shells  
  68  10:06  Marauder  
  70  10:07  Barracks Reactor  
  70  10:16  Marine  
  71  10:25  SCV  
  71  10:27  Marauder  
  74  10:29  Viking x2  
  78  10:50  Command Center  
  78  10:54  Marine  
  78  10:55  Supply Depot  
  78  10:56  Supply Depot x3  
  78  10:58  Supply Depot  
  78  11:17  Siege Tank, Marine x6, Marauder x2  
  91  11:24  Medivac x2  
  95  11:35  Marine x2  
  97  11:40  Command Center  
  97  11:54  Supply Depot  
  97  11:55  Supply Depot  
  97  11:56  Terran Infantry Armor Level 2  
  97  11:57  Terran Infantry Weapons Level 2  
  97  12:08  Marine, Marauder x2  
  91  12:35  Marine  
  91  12:36  Marine x4, Marauder x2  
  100  12:37  Marine  
  100  12:41  Terran Vehicle Weapons Level 1  
  101  12:50  Siege Tank  
  104  13:05  Sensor Tower  
  72  13:42  Marine x4, Marauder x2  
  72  13:43  Marine x2  
  59  14:03  Marine  
  59  14:04  Marine, Marauder x2  
  59  14:05  Marine x4  
  66  14:21  Marine  
  66  14:30  Marine x4, Marauder x2  
  66  14:31  Marine  
  56  14:39  Marine  
  54  14:48  Marine x2  
  54  14:52  Marauder x2  
  60  15:07  Marine x2  
  60  15:13  Marauder x2  
Show
View Real Time Build Order
Export as new Build Order

Yata Zerg - Winner!

Build Orders: Hatch First 

Get SALT Encoding   

  12  0:01  Drone  
  13  0:13  Overlord  
  14  0:21  Drone  
  14  0:32  Drone x2  
  17  0:35  Drone  
  17  0:56  Hatchery  
  16  0:57  Drone  
  16  1:01  Drone  
  18  1:10  Extractor  
  17  1:17  Spawning Pool  
  16  1:20  Drone  
  16  1:24  Drone  
  18  1:29  Drone  
  19  1:40  Overlord  
  19  2:07  Zergling x4  
  19  2:08  Queen  
  21  2:09  Queen  
  21  2:14  Drone x2  
  27  2:17  Metabolic Boost  
  27  2:22  Drone  
  28  2:26  Drone  
  29  2:32  Drone  
  30  2:38  Overlord  
  30  2:48  Drone x2, Baneling Nest  
  31  2:54  Drone  
  32  3:00  Overlord  
  32  3:20  Drone x4  
  32  3:21  Drone x6  
  32  3:23  Extractor  
  41  3:28  Zergling x2  
  41  3:33  Baneling x3  
  42  3:36  Zergling x2  
  42  3:40  Drone  
  44  3:43  Overlord  
  44  3:50  Zergling x2  
  44  3:51  Zergling x10  
  44  3:53  Pneumatized Carapace  
  50  4:09  Drone x3  
  53  4:10  Drone  
  53  4:16  Baneling  
  53  4:17  Baneling x2  
  54  4:25  Hatchery  
  54  4:29  Evolution Chamber  
  54  4:30  Zergling x2  
  54  4:31  Zergling x6  
  53  4:50  Zergling x2  
  53  4:51  Zergling x10  
  52  5:05  Zerg Melee Weapons Level 1  
  52  5:09  Lair  
  52  5:20  Zergling x2  
  52  5:21  Zergling x10  
  58  5:28  Baneling x3  
  58  5:30  Zergling x4  
  58  5:33  Overlord x2  
  58  5:34  Overlord  
  58  6:02  Zergling x4  
  58  6:03  Zergling x24  
  55  6:22  Spawning Pool  
  51  6:32  Zergling x14  
  47  6:33  Zergling x6  
  49  6:56  Drone x7  
  56  7:06  Queen  
  58  7:13  Spore Crawler  
  57  7:19  Queen  
  57  7:20  Spore Crawler  
  54  7:32  Zergling x8  
  54  7:33  Zergling x10  
  63  7:39  Hydralisk Den  
  61  7:52  Baneling x2  
  61  7:53  Baneling x3  
  61  7:54  Zergling x2, Baneling x2  
  61  7:55  Zergling x10  
  61  8:10  Zerg Ground Armor Level 1  
  61  8:12  Zergling x12  
  49  8:27  Zergling x12  
  53  8:41  Hydralisk x5  
  61  8:52  Zergling x2  
  61  8:53  Zergling x4  
  64  8:59  Spine Crawler x2  
  62  9:02  Spine Crawler  
  62  9:04  Spine Crawler  
  62  9:05  Spine Crawler  
  62  9:06  Spine Crawler  
  62  9:09  Muscular Augments  
  47  9:27  Zergling x20  
  54  9:33  Hydralisk  
  54  9:37  Baneling  
  54  9:38  Baneling x2  
  56  9:43  Queen  
  58  9:48  Hydralisk  
  60  9:57  Zergling x10  
  65  10:09  Drone x3  
  65  10:11  Hydralisk  
  65  10:12  Hydralisk  
  72  10:19  Drone x3, Queen  
  72  10:20  Extractor, Drone x2  
  78  10:21  Drone  
  77  10:37  Hatchery  
  76  10:50  Hydralisk x3  
  82  11:00  Overlord x4  
  82  11:01  Overlord  
  82  11:21  Hydralisk x3  
  88  11:43  Overseer  
  88  11:45  Hydralisk  
  88  11:46  Hydralisk  
  92  11:49  Zergling x2  
  92  11:50  Zergling x22  
  104  11:58  Extractor x2, Drone x2  
  104  12:00  Extractor  
  92  12:33  Queen  
  92  12:35  Drone x8  
  92  12:36  Drone x8  
  110  12:42  Hydralisk  
  112  12:46  Overlord x5  
  112  13:03  Overlord x4, Queen  
  114  13:09  Zergling x2  
  114  13:10  Zergling x10  
  120  13:13  Baneling x5  
  120  13:14  Baneling x2  
  120  13:15  Baneling  
  105  13:30  Zergling x10  
  105  13:31  Zergling x14  
  110  13:39  Zergling x14  
  105  13:58  Zergling x2  
  105  13:59  Zergling x18  
  111  14:24  Zergling x2  
  111  14:25  Zergling x22  
  97  14:41  Hydralisk x5  
  106  14:48  Drone x4  
  110  15:02  Hydralisk  
  110  15:03  Hydralisk x3  
  110  15:04  Evolution Chamber  
  117  15:20  Hatchery  
  107  15:35  Zergling x2  
  98  15:36  Zergling x30  
Tags
 
Matchup
TvZ
Replay Pack
Pack 1
Spawn Locations
Cross Positions
Add a new tag
Caveats
  • Supply blocks, unpowered buildings, or Contaminate may cause inaccurate times.
  • Supply counts are checked every 10 seconds.